[Event "ICC tourney 1992 (90 10)"]
[Site "Internet Chess Club"]
[Date "2020.09.06"]
[Round "3"]
[White "ChessEric"]
[Black "GlibNest"]
[Result "0-1"]
[ICCResult "White resigns"]
[WhiteElo "1385"]
[BlackElo "1504"]
[Opening "Sicilian defense"]
[ECO "B34"]
[NIC "SI.33"]
[Time "11:04:36"]
[TimeControl "5400+10"]

1. e4 c5 2. Nf3 Nc6 3. d4 cxd4 4. Nxd4 g6 5. Bb5 Bg7 6. c3 Nxd4 7. cxd4 Qb6
8. Qd3 Bxd4 9. Na3 Bxf2+ 10. Ke2 Bh4 11. Be3 Qe6 12. h3 Bf6 13. Bc4 Qe5 14.
b3 Qa5 15. b4 Qxb4 16. Rab1 Qd6 17. Qb3 e6 18. Nb5 Qg3 19. Rhg1 a6 20. Nc3
Ne7 21. Rbf1 Bg7 22. Bf4 Qxc3 23. Qa4 b5 24. Bxb5 Qb2+ 25. Bd2 Qxb5+ 26.
Qxb5 axb5 27. Rb1 Rxa2 28. Rxb5 Ba6 {White resigns} 0-1

[Event "ICC tourney 1992 (90 10)"]
[Site "Internet Chess Club"]
[Date "2020.09.06"]
[Round "3"]
[White "ChunkyApple"]
[Black "Chessman67a"]
[Result "1/2-1/2"]
[ICCResult "Game drawn by mutual agreement"]
[WhiteElo "1294"]
[BlackElo "1496"]
[Opening "Scandinavian: Pytel-Wade variation"]
[ECO "B01"]
[NIC "SD.02"]
[Time "11:04:20"]
[TimeControl "5400+10"]

1. e4 d5 2. exd5 Qxd5 3. Nc3 Qd6 4. Nf3 Nf6 5. Bc4 Bg4 6. h3 Bxf3 7. Qxf3
Nc6 8. Nd5 Qe5+ 9. Kd1 O-O-O 10. Nxf6 exf6 11. Re1 Nd4 12. Qg4+ Qf5 13.
Qxf5+ Nxf5 14. Bxf7 Nd6 15. Be6+ Kb8 16. Bd5 c6 17. Bf3 Nb5 18. c3 Bd6 19.
a4 Nc7 20. d4 Rhe8 21. Rxe8 Rxe8 22. g3 Nd5 23. Bxd5 cxd5 24. Be3 Bxg3 25.
Kd2 Bd6 26. h4 Re4 27. h5 Rg4 28. Rh1 Kc7 29. Kd3 a6 30. b3 b6 31. c4 Kc6
32. c5 bxc5 33. dxc5 Be5 34. f3 {Game drawn by mutual agreement} 1/2-1/2

[Event "ICC tourney 1992 (90 10)"]
[Site "Internet Chess Club"]
[Date "2020.09.06"]
[Round "3"]
[White "lemonbar"]
[Black "kevin2010"]
[Result "1/2-1/2"]
[ICCResult "Game drawn by mutual agreement"]
[WhiteElo "1064"]
[BlackElo "1236"]
[Opening "QGD Slav: 4.Nc3"]
[ECO "D15"]
[NIC "SL.03"]
[Time "11:04:10"]
[TimeControl "5400+10"]

1. d4 d5 2. c4 c6 3. Nc3 Nf6 4. Nf3 Bf5 5. e3 e6 6. Be2 Bb4 7. O-O Nbd7 8.
a3 Bd6 9. b4 b6 10. Bd3 Bxd3 11. Qxd3 O-O 12. c5 bxc5 13. bxc5 Bc7 14. Rb1
Rb8 15. Bd2 Re8 16. Rxb8 Qxb8 17. Qb1 e5 18. Qxb8 Rxb8 19. Rb1 Rxb1+ 20.
Nxb1 e4 21. Ne1 Kf8 22. Nc2 Nb8 23. Nb4 Ke7 24. h3 a5 25. Nc2 Bd8 26. f3 h5
27. Kf2 g5 28. g3 g4 29. hxg4 hxg4 30. f4 Ne8 31. Nc3 Nc7 32. a4 Nca6 33.
Nd1 Nd7 {Game drawn by mutual agreement} 1/2-1/2

[Event "ICC tourney 1992 (90 10)"]
[Site "Internet Chess Club"]
[Date "2020.09.06"]
[Round "3"]
[White "Supersky"]
[Black "ranu540"]
[Result "1-0"]
[ICCResult "Black checkmated"]
[WhiteElo "1323"]
[BlackElo "1320"]
[Opening "King's Indian: East Indian defense"]
[ECO "A48"]
[NIC "QP.06"]
[Time "11:04:36"]
[TimeControl "5400+10"]

1. d4 Nf6 2. Nf3 g6 3. e3 Bg7 4. Bd3 O-O 5. O-O d5 6. c4 Nbd7 7. cxd5 Nxd5
8. a3 c5 9. Bc4 N7b6 10. b3 cxd4 11. exd4 Nxc4 12. bxc4 Nb6 13. c5 Nd5 14.
Bb2 Bg4 15. h3 Bf5 16. Nc3 Nxc3 17. Bxc3 Rc8 18. Rc1 b6 19. Bb4 Re8 20. c6
Be4 21. c7 Rxc7 22. Ng5 Rxc1 23. Qxc1 Qxd4 24. Re1 Bh6 25. Qf4 Bxg5 26. Qxg5
e6 27. Qf4 f5 28. Rc1 e5 29. Qg5 Qd5 30. Rc7 Qd8 31. Qxd8 Rxd8 32. Rxa7 Ra8
33. Re7 Bd3 34. Rxe5 b5 35. f4 Bc4 36. Kf2 Ra7 37. g4 fxg4 38. hxg4 Rf7 39.
Kg3 h6 40. Re8+ Kg7 41. Bc3+ Rf6 42. Re7+ Bf7 43. g5 hxg5 44. fxg5 Kf8 45.
Bxf6 Kg8 46. Rb7 Kf8 47. Rxb5 Be8 48. Rb8 Kf7 49. Rb7+ Kf8 50. Ra7 Bf7 51.
Ra8+ Be8 52. a4 Kf7 53. a5 Kf8 54. a6 Kf7 55. Rd8 Kf8 56. a7 Kf7 57. a8=Q
Kf8 58. Rxe8+ Kf7 59. Re7# {Black checkmated} 1-0

[Event "ICC tourney 1992 (90 10)"]
[Site "Internet Chess Club"]
[Date "2020.09.06"]
[Round "3"]
[White "chess278"]
[Black "kskariah"]
[Result "0-1"]
[ICCResult "White resigns"]
[WhiteElo "1499"]
[BlackElo "1370"]
[Opening "Santasiere's folly"]
[ECO "A06"]
[NIC "QP.09"]
[Time "11:03:45"]
[TimeControl "5400+10"]

1. Nf3 d5 2. b4 c6 3. Bb2 e6 4. e3 Nf6 5. b5 Nbd7 6. Be2 Bd6 7. d4 Qa5+ 8.
Bc3 Qb6 9. bxc6 bxc6 10. Nbd2 O-O 11. Rb1 Qc7 12. h3 c5 13. O-O c4 14. a4
Ba6 15. Bb4 Rfb8 16. Bxd6 Qxd6 17. c3 h6 18. Qc2 Qc7 19. Rb4 Rb7 20. Rfb1
Rab8 21. Rb6 axb6 {White resigns} 0-1

[Event "ICC tourney 1992 (90 10)"]
[Site "Internet Chess Club"]
[Date "2020.09.06"]
[Round "3"]
[White "WallyCleaver"]
[Black "haarim"]
[Result "0-1"]
[ICCResult "White resigns"]
[WhiteElo "1580"]
[BlackElo "1352"]
[Opening "French: Burn variation"]
[ECO "C11"]
[NIC "FR.05"]
[Time "11:03:50"]
[TimeControl "5400+10"]

1. e4 e6 2. d4 d5 3. Nc3 Nf6 4. Bg5 dxe4 5. Nxe4 Be7 6. Bxf6 Bxf6 7. Nf3 Nc6
8. c3 b6 9. Bd3 Bb7 10. Nxf6+ Qxf6 11. Qe2 O-O 12. O-O Rfe8 13. Rfe1 Re7 14.
Rad1 Rae8 15. Bb5 Ra8 16. b4 a5 17. Qd2 axb4 18. cxb4 Na7 19. Be2 Bd5 20.
Qc2 Nc6 21. b5 Rxa2 22. Qc1 Na5 23. Rd2 Nb3 24. Qc3 Nxd2 25. Nxd2 Rd7 26.
Nf3 Bxf3 27. Bxf3 Qxd4 28. Qxd4 Rxd4 29. Kf1 Rdd2 30. Be2 Kf8 31. f3 Ke7 32.
g4 Kd6 33. Rd1 Rxd1+ 34. Bxd1 Rxh2 {White resigns} 0-1

[Event "ICC tourney 1992 (90 10)"]
[Site "Internet Chess Club"]
[Date "2020.09.06"]
[Round "3"]
[White "Abhinac123"]
[Black "sagsur"]
[Result "1-0"]
[ICCResult "Black checkmated"]
[WhiteElo "1459"]
[BlackElo "1251"]
[Opening "Queen's gambit declined"]
[ECO "D30"]
[NIC "QP.08"]
[Time "11:04:23"]
[TimeControl "5400+10"]

1. d4 d5 2. c4 e6 3. Nf3 Nf6 4. e3 Be7 5. Nc3 O-O 6. Bd3 Nbd7 7. O-O b6 8.
Re1 Bb7 9. e4 c5 10. e5 Ne8 11. cxd5 exd5 12. Qe2 Nc7 13. a4 Ne6 14. Be3 c4
15. Bc2 Qc8 16. Rec1 f6 17. Bf5 Qc6 18. Nb5 fxe5 19. Bxe6+ Qxe6 20. Nc7 Qd6
21. Nxa8 Bxa8 22. dxe5 Nxe5 23. Nxe5 Qxe5 24. Qg4 Bd6 25. Qg3 Qf6 26. Qg4
Be5 27. Rcb1 Bxb2 28. Rxb2 Qxb2 29. Bd4 Qxd4 30. Qxd4 Rc8 31. Rc1 Rc6 32.
Qxd5+ Kf8 33. Qd8+ Kf7 34. Qxa8 Rc7 35. h3 Ke7 36. Qd5 c3 37. Qe5+ Kd7 38.
Qxg7+ Kd6 39. Qxc7+ Kxc7 40. Rxc3+ Kb7 41. Rg3 a6 42. Rg7+ Kc6 43. Rxh7 b5
44. Rh6+ Kb7 45. axb5 axb5 46. Kf1 b4 47. Re6 b3 48. Re2 Kb6 49. Rb2 Kc5 50.
Rxb3 Kc4 51. Re3 Kd4 52. h4 Kd5 53. h5 Kd4 54. h6 Kd5 55. h7 Kd4 56. h8=Q+
Kd5 57. Qd8+ Kc4 58. Re7 Kc5 59. Rc7+ Kb4 60. Qb8+ Ka5 61. Ra7#
{Black checkmated}
1-0

[Event "ICC tourney 1992 (90 10)"]
[Site "Internet Chess Club"]
[Date "2020.09.06"]
[Round "3"]
[White "Electryon"]
[Black "mutantpenguin"]
[Result "1/2-1/2"]
[ICCResult "Black stalemated"]
[WhiteElo "1381"]
[BlackElo "1471"]
[Opening "Queen's pawn"]
[ECO "A40"]
[NIC "QO.17"]
[Time "11:03:39"]
[TimeControl "5400+10"]

1. d4 e6 2. Nf3 d5 3. Bf4 c5 4. c3 Nc6 5. e3 Qb6 6. Qb3 Qxb3 7. axb3 Nf6 8.
Nbd2 Nh5 9. Bg5 h6 10. Bh4 g5 11. Bg3 Nxg3 12. hxg3 cxd4 13. Nxd4 Nxd4 14.
exd4 Bg7 15. f4 f6 16. Be2 f5 17. Bh5+ Ke7 18. Be2 Bd7 19. O-O-O g4 20. Nb1
b5 21. b4 Rac8 22. Na3 a6 23. Kd2 Bf6 24. Ra1 h5 25. Nc2 Ra8 26. Ne1 Bc8 27.
Nd3 Kd6 28. Nc5 Kc6 29. Ra5 Bd8 30. Bxb5+ Kd6 31. Raa1 a5 32. bxa5 Rxa5 33.
Rxa5 Bxa5 34. Ra1 Bb6 35. Ra8 Bxc5 36. dxc5+ Kxc5 37. Ba6 Bxa6 38. Rxh8 Bf1
39. Rxh5 Bxg2 40. b4+ Kd6 41. Kd3 Bf1+ 42. Kd4 Bc4 43. Rh1 Bb5 44. Rb1 Kc6
45. Ke5 Bd3 46. Ra1 Kb5 47. Kxe6 Be4 48. Ke5 Kc4 49. Rc1 Kb5 50. Kd4 Bf3 51.
Ra1 Be2 52. Kxd5 Bf3+ 53. Kd4 Be4 54. Ra5+ Kc6 55. c4 Bc2 56. Rxf5 Bxf5 57.
b5+ Kb6 58. Ke5 Bd3 59. f5 Bxc4 60. f6 Kxb5 61. Kf5 Kc6 62. Kxg4 Bf7 63. Kf5
Kd7 64. Ke5 Be6 65. Kf4 Ke8 66. g4 Bxg4 67. Kxg4 Kf7 68. Kg5 Kf8 69. Kg6 Kg8
70. Kh6 Kf7 71. Kg5 Kf8 72. Kg6 Kg8 73. f7+ Kf8 74. Kf6 {Black stalemated}
1/2-1/2

[Event "ICC tourney 1992 (90 10)"]
[Site "Internet Chess Club"]
[Date "2020.09.06"]
[Round "3"]
[White "VirginiaGuy"]
[Black "irisl"]
[Result "0-1"]
[ICCResult "White resigns"]
[WhiteElo "1490"]
[BlackElo "1330"]
[Opening "QGD Slav: 4.e3 Bf5"]
[ECO "D12"]
[NIC "QP.08"]
[Time "11:03:49"]
[TimeControl "5400+10"]

1. d4 d5 2. Nf3 Nf6 3. e3 Bf5 4. c4 c6 5. Nc3 e6 6. cxd5 exd5 7. Qb3 Qc7 8.
Bd2 Nbd7 9. Rc1 Qb6 10. Be2 Bd6 11. O-O O-O 12. Nh4 Qxb3 13. axb3 Be6 14.
Bd3 g6 15. Nf3 h6 16. h3 Kg7 17. Na2 Rfe8 18. Bb4 Bc7 19. Ra1 Ne4 20. Rfc1
a5 21. Be1 f5 22. Nc3 Ng5 23. Nxg5 hxg5 24. Na4 f4 25. Nc5 Nxc5 26. dxc5
fxe3 27. fxe3 Bf5 28. Bxf5 gxf5 29. Bc3+ Kg6 30. Bd4 Be5 31. Re1 Bxd4 32.
exd4 Re4 33. Rxe4 dxe4 34. Kf2 f4 35. Ke2 Rd8 36. Ra4 Rd5 37. Rc4 Kh5 38.
Ra4 g4 39. hxg4+ Kxg4 40. Kf2 e3+ 41. Kf1 Kg3 42. Rc4 f3 43. gxf3 Kxf3
{White resigns}
0-1

[Event "ICC tourney 1992 (90 10)"]
[Site "Internet Chess Club"]
[Date "2020.09.06"]
[Round "3"]
[White "FlowingMelody"]
[Black "kinpin007"]
[Result "1/2-1/2"]
[ICCResult "Game drawn by mutual agreement"]
[WhiteElo "1291"]
[BlackElo "1504"]
[Opening "Caro-Kann: classical, Spassky variation"]
[ECO "B19"]
[NIC "CK.12"]
[Time "11:03:43"]
[TimeControl "5400+10"]

1. e4 c6 2. d4 d5 3. Nc3 dxe4 4. Nxe4 Bf5 5. Ng3 Bg6 6. h4 h6 7. Nf3 Nd7 8.
h5 Bh7 9. Bd3 Bxd3 10. Qxd3 Ngf6 11. Bd2 e6 12. O-O-O c5 13. dxc5 Bxc5 14.
Be3 Qb6 15. Bxc5 Nxc5 16. Qe3 Na4 17. Qxb6 Nxb6 18. Nd4 Ke7 19. Nb5 a6 20.
Nd6 Rab8 21. Nge4 Rhd8 22. Nxf6 Kxf6 23. Ne4+ Ke7 24. Rxd8 Kxd8 25. Rd1+ Kc7
26. Rd3 Rd8 27. Rxd8 Kxd8 28. Nd6 Kc7 29. Nxf7 Nd5 30. Ne5 Kd6 31. Nc4+ Kc5
32. Ne3 Nf4 33. g4 Nh3 34. Nd1 Kd4 35. Kd2 Ke4 36. Ke2 Kf4 37. Ne3 Ng1+ 38.
Kf1 Nf3 39. Kg2 Ne5 40. a4 Nxg4 41. Nxg4 Kxg4 42. b4 Kf4 43. b5 Ke4 44. bxa6
bxa6 45. Kg3 Kd4 46. Kf4 a5 47. f3 Kc4 48. Ke5 Kb4 49. Kxe6 Kxa4 50. c4 Kb4
51. Kd5 a4 52. c5 a3 53. c6 a2 54. c7 a1=Q 55. c8=Q Qd1+ 56. Ke6 Qxf3 57.
Qb8+ Kc5 58. Qc8+ Kd4 59. Qd7+ Ke3 60. Qa7+ Ke2 61. Qa2+ Kf1 62. Qb1+ Kg2
63. Qg6+ Kh3 64. Qxg7 Qg4+ 65. Kf6 Qxh5 66. Qd7+ Qg4 67. Qd3+ Kh4 68. Qf1 h5
69. Qh1+ Qh3 70. Qe4+ Kg3 71. Qe3+ Kh2 72. Qf2+ Kh1 73. Qe1+ Kg2 74. Qe2+
Kg3 75. Qe3+ Kh4 76. Qf4+ Qg4 77. Qh2+ {Game drawn by mutual agreement}
1/2-1/2

[Event "ICC tourney 1992 (90 10)"]
[Site "Internet Chess Club"]
[Date "2020.09.06"]
[Round "3"]
[White "nschneider"]
[Black "wildrumpus"]
[Result "0-1"]
[ICCResult "White resigns"]
[WhiteElo "254"]
[BlackElo "1443"]
[Opening "Caro-Kann: exchange variation"]
[ECO "B13"]
[NIC "CK.02"]
[Time "11:04:12"]
[TimeControl "5400+10"]

1. e4 c6 2. d4 d5 3. exd5 cxd5 4. Bd3 Nf6 5. Nf3 Bg4 6. Bf4 Qb6 7. Nbd2 Nc6
8. c3 Qxb2 9. Rb1 Qxc3 10. Qa4 Qxd3 11. Rxb7 Bd7 12. Rb3 Qf5 13. Bg3 e5 14.
dxe5 Nxe5 15. Qd4 Nc6 16. Re3+ Be7 17. Qc5 Ne4 18. Nxe4 dxe4 19. Qxf5 Bxf5
20. Nd2 Bb4 21. f3 O-O-O 22. Re2 e3 23. Bf4 exd2+ 24. Bxd2 Rxd2 25. Rxd2 Rd8
{White resigns}
0-1

[Event "ICC tourney 1992 (90 10)"]
[Site "Internet Chess Club"]
[Date "2020.09.06"]
[Round "3"]
[White "BurlyTest"]
[Black "avaxu"]
[Result "0-1"]
[ICCResult "White forfeits on time"]
[WhiteElo "1207"]
[BlackElo "221"]
[Opening "QGD: 4.Nf3"]
[ECO "D37"]
[NIC "QP.08"]
[Time "11:04:07"]
[TimeControl "5400+10"]

1. d4 d5 2. c4 e6 3. Nf3 Nf6 4. Nc3 Be7 5. Bg5 Nbd7 6. cxd5 Nxd5 7. Bxe7
Qxe7 8. Nxd5 exd5 9. Qc2 c6 10. e3 O-O 11. Bd3 Nf6 12. Ng5 h6 13. Nh7 Qb4+
14. Ke2 Nxh7 15. Bxh7+ Kh8 16. Bd3 Bd7 17. Qd2 Qe7 18. a3 Rae8 19. Qa5 b6
20. Qc3 Qg5 21. g3 Bg4+ 22. Kd2 Qf6 23. f4 Qe7 24. Be2 Bxe2 25. Kxe2 c5 26.
Kf2 Rc8 27. Rac1 Rfe8 28. Rhe1 c4 29. a4 Rc6 30. b3 Qa3 31. Ra1 Qxb3 32.
Qxb3 cxb3 33. Rab1 Rc3 34. Rec1 Rexe3 35. Rxc3 Rxc3 36. Ke1 Rd3 37. Rd1 Rc3
38. Rb1 Kh7 39. Rb2 Kg6 40. Kd2 Rf3 41. Ke2 Rc3 42. Kd2 Rc4 43. Rxb3 Rxd4+
44. Rd3 Rxa4 45. Ke3 Ra5 46. Rc3 Kf5 47. Rc7 Ke6 48. f5+ Kxf5 49. Rxf7+ Kg6
50. Rd7 Kf6 51. Kd4 g6 52. g4 Kg5 53. Rd6 Kxg4 54. Rxg6+ Kh5 55. Re6 Kg5
{White forfeits on time}
0-1

[Event "ICC tourney 1992 (90 10)"]
[Site "Internet Chess Club"]
[Date "2020.09.06"]
[Round "4"]
[White "AdityaBang"]
[Black "Kfprasanna"]
[Result "0-1"]
[ICCResult "White checkmated"]
[WhiteElo "1206"]
[BlackElo "1353"]
[Opening "Giuoco Piano"]
[ECO "C50"]
[NIC "IG.02"]
[Time "15:32:52"]
[TimeControl "5400+10"]

1. e4 e5 2. Nf3 Nc6 3. Bc4 Bc5 4. O-O d6 5. h3 Nf6 6. Re1 h6 7. c3 O-O 8. d4
Bb6 9. a3 Re8 10. b4 exd4 11. cxd4 Rxe4 12. Rxe4 Nxe4 13. Bb2 d5 14. Bd3 Bf5
15. Ne5 Nxe5 16. dxe5 Nxf2 17. Qh5 Nxd3+ 18. Kh1 Bg6 19. Qe2 Nxb2 20. Qxb2
Qh4 21. Nd2 Bd4 22. Qa2 Bxa1 23. Qxa1 Qg5 24. Nf3 Qf4 25. Qc3 Rc8 26. e6
fxe6 27. Ne5 d4 28. Qe1 Bf5 29. Nf3 Qe3 30. Qg3 d3 31. Qh4 d2 32. Nxd2 Qxd2
33. Qc4 Rd8 34. Kg1 Qe3+ 35. Kh2 Qe5+ 36. Kg1 Rd1+ 37. Kf2 Qe1+ 38. Kf3 Rc1
39. Qb5 Rc3+ 40. Kf4 Qg3# {White checkmated} 0-1

[Event "ICC tourney 1992 (90 10)"]
[Site "Internet Chess Club"]
[Date "2020.09.06"]
[Round "4"]
[White "lemonbar"]
[Black "Jeffchess"]
[Result "0-1"]
[ICCResult "White checkmated"]
[WhiteElo "1051"]
[BlackElo "1372"]
[Opening "QGD: 4.Nf3"]
[ECO "D37"]
[NIC "QO.16"]
[Time "15:33:23"]
[TimeControl "5400+10"]

1. d4 Nf6 2. c4 e6 3. Nc3 d5 4. Nf3 Bd7 5. e3 Bb4 6. Be2 Ne4 7. Bd2 Nxc3 8.
Bxc3 Bxc3+ 9. bxc3 Bc6 10. cxd5 Bxd5 11. c4 Be4 12. Bd3 Bxd3 13. Qxd3 O-O
14. O-O b6 15. Rfe1 c5 16. Rad1 cxd4 17. Qxd4 Nc6 18. Qxd8 Rfxd8 19. Rxd8+
Rxd8 20. a3 Na5 21. Nd4 e5 22. Nf5 g6 23. Ne7+ Kf8 24. Nd5 Nxc4 25. Rd1 Nxa3
26. e4 Nb5 27. Rb1 Rc8 28. h3 Nc3 29. Nxc3 Rxc3 30. Ra1 a5 31. Rb1 Rc6 32.
Rb5 a4 33. Rxe5 Rc5 34. Rxc5 bxc5 35. Kf1 a3 36. Ke1 a2 37. Kd1 a1=Q+ 38.
Ke2 Qd4 39. Kf3 c4 40. Kg3 c3 41. Kh4 c2 42. g3 c1=N 43. f4 Qd8+ 44. Kg4 h5+
45. Kf3 Qd3+ 46. Kg2 Qe2+ 47. Kg1 Nd3 48. Kh1 Ne1 49. Kg1 Qg2#
{White checkmated}
0-1

[Event "ICC tourney 1992 (90 10)"]
[Site "Internet Chess Club"]
[Date "2020.09.06"]
[Round "4"]
[White "kanishksinghus"]
[Black "ArmenSahakyan"]
[Result "0-1"]
[ICCResult "White checkmated"]
[WhiteElo "1415"]
[BlackElo "1418"]
[Opening "Sicilian: Taimanov variation"]
[ECO "B45"]
[NIC "SI.39"]
[Time "15:32:50"]
[TimeControl "5400+10"]

1. e4 c5 2. Nf3 e6 3. d4 cxd4 4. Nxd4 Nc6 5. Nc3 Bb4 6. Qd2 Nf6 7. Nxc6 bxc6
8. Bd3 d5 9. exd5 exd5 10. Qe2+ Be6 11. Bf5 O-O 12. Bxe6 fxe6 13. Qxe6+ Kh8
14. O-O Qb6 15. Bd2 Bxc3 16. Bxc3 Rae8 17. Qh3 Ne4 18. Qh4 d4 19. Rae1 dxc3
20. Rxe4 Rxe4 21. Qxe4 cxb2 22. Rb1 Qxf2+ 23. Kh1 Qf1+ 24. Rxf1 Rxf1#
{White checkmated}
0-1

[Event "ICC tourney 1992 (90 10)"]
[Site "Internet Chess Club"]
[Date "2020.09.06"]
[Round "4"]
[White "adma2028"]
[Black "WallyCleaver"]
[Result "1-0"]
[ICCResult "Black checkmated"]
[WhiteElo "1341"]
[BlackElo "1570"]
[Opening "King's Indian: London system"]
[ECO "A45"]
[NIC "QP.03"]
[Time "15:32:50"]
[TimeControl "5400+10"]

1. d4 Nf6 2. Bf4 g6 3. Nf3 Bg7 4. e3 d6 5. Bd3 O-O 6. Nbd2 Nbd7 7. c3 Nh5 8.
Bg3 e5 9. dxe5 dxe5 10. Nc4 Nxg3 11. hxg3 f5 12. e4 f4 13. gxf4 exf4 14.
Ncd2 Ne5 15. Nxe5 Bxe5 16. Nf3 Bg7 17. Bc4+ Kh8 18. Qxd8 Rxd8 19. Ng5 Rf8
20. Rxh7# {Black checkmated} 1-0

[Event "ICC tourney 1992 (90 10)"]
[Site "Internet Chess Club"]
[Date "2020.09.06"]
[Round "4"]
[White "Cgchess"]
[Black "DavidNest"]
[Result "1-0"]
[ICCResult "Black resigns"]
[WhiteElo "1401"]
[BlackElo "1248"]
[Opening "Sicilian: dragon, 6.Be3"]
[ECO "B72"]
[NIC "SI.16"]
[Time "15:33:05"]
[TimeControl "5400+10"]

1. e4 c5 2. Nc3 d6 3. Nf3 Nf6 4. d4 cxd4 5. Nxd4 g6 6. Be3 Bg7 7. Bc4 O-O 8.
O-O Nc6 9. h3 Ne5 10. Bb3 b6 11. f4 Ned7 12. Nc6 Qe8 13. e5 dxe5 14. fxe5
Nh5 15. g4 Ng3 16. Rf3 Bb7 17. e6 Ne5 18. Nxe5 Bxf3 19. Qxf3 f6 20. Nd7 f5
21. Qxg3 Qc8 22. Nxf8 Kxf8 23. Bd5 Rb8 24. Bf4 Qc5+ 25. Be3 Qc8 26. Bf2 fxg4
27. Qf4+ Kg8 28. Qf7+ Kh8 29. Qxe7 gxh3 30. Qd7 Qf8 31. e7 h2+ 32. Kf1 h1=Q+
33. Bxh1 Qf7 34. e8=Q+ Qxe8 35. Qxe8+ Rxe8 36. Re1 Rf8 37. Bc6 Bd4 38. Re8
Rxe8 39. Bxd4+ Kg8 40. Bxe8 {Black resigns} 1-0

[Event "ICC tourney 1992 (90 10)"]
[Site "Internet Chess Club"]
[Date "2020.09.06"]
[Round "4"]
[White "mnm2"]
[Black "VirginiaGuy"]
[Result "1/2-1/2"]
[ICCResult "Game drawn by mutual agreement"]
[WhiteElo "1306"]
[BlackElo "1497"]
[Opening "Four knights: Italian variation"]
[ECO "C55"]
[NIC "IG.01"]
[Time "15:33:22"]
[TimeControl "5400+10"]

1. e4 e5 2. Nf3 Nc6 3. Bc4 Nf6 4. Nc3 Be7 5. O-O O-O 6. d3 d6 7. h3 Na5 8.
Bb3 Nxb3 9. axb3 Bd7 10. d4 exd4 11. Qxd4 a6 12. Bg5 Bc6 13. Rfe1 Nd7 14.
Bxe7 Qxe7 15. e5 dxe5 16. Nxe5 Nxe5 17. Qxe5 Qxe5 18. Rxe5 Rfe8 19. Rae1
Rxe5 20. Rxe5 Re8 21. Rxe8+ Bxe8 22. b4 Bc6 23. f3 Kf8
{Game drawn by mutual agreement}
1/2-1/2

[Event "ICC tourney 1992 (90 10)"]
[Site "Internet Chess Club"]
[Date "2020.09.06"]
[Round "4"]
[White "GlibNest"]
[Black "wildrumpus"]
[Result "1/2-1/2"]
[ICCResult "Game drawn by repetition"]
[WhiteElo "1499"]
[BlackElo "1446"]
[Opening "Caro-Kann: advance variation"]
[ECO "B12"]
[NIC "CK.04"]
[Time "15:33:18"]
[TimeControl "5400+10"]

1. e4 c6 2. d4 d5 3. e5 Bf5 4. Nf3 e6 5. c4 Nd7 6. Be2 c5 7. Be3 cxd4 8.
Bxd4 Bxb1 9. Rxb1 Bb4+ 10. Bc3 Bxc3+ 11. bxc3 Qc7 12. Qb3 dxc4 13. Qxb7 Qxb7
14. Rxb7 Nb6 15. Rc7 Kd8 16. Rxf7 Nh6 17. Rxg7 Nf5 18. Rg4 h5 19. Rf4 Nd5
20. Rxc4 Ke7 21. Bd3 Rhc8 22. Rxc8 Rxc8 23. Bxf5 exf5 24. Kd2 Nxc3 25. Nd4
Ne4+ 26. Ke3 Rc3+ 27. Ke2 Ra3 28. Nxf5+ Ke6 29. Ng7+ Kxe5 30. Nxh5 Rxa2+ 31.
Ke3 Ra3+ 32. Ke2 Ra2+ 33. Ke3 Ra3+ 34. Ke2 Ra2+ 35. Ke3 Ra3+ 36. Ke2 Ra2+
37. Ke3 {Game drawn by repetition} 1/2-1/2

[Event "ICC tourney 1992 (90 10)"]
[Site "Internet Chess Club"]
[Date "2020.09.06"]
[Round "4"]
[White "JonesGill"]
[Black "MadiChesskid"]
[Result "1-0"]
[ICCResult "Black checkmated"]
[WhiteElo "1237"]
[BlackElo "1483"]
[Opening "Scotch gambit"]
[ECO "C44"]
[NIC "SO.06"]
[Time "15:33:44"]
[TimeControl "5400+10"]

1. e4 e5 2. Nf3 Nc6 3. d4 exd4 4. Bc4 Bc5 5. c3 dxc3 6. Bxf7+ Kxf7 7. Qd5+
Ke8 8. Qh5+ Kf8 9. Qxc5+ Qe7 10. Qxe7+ Ngxe7 11. Nxc3 Kf7 12. O-O Re8 13.
Nb5 Rd8 14. Nxc7 Rb8 15. Bf4 Ng6 16. Bg3 d6 17. Nb5 Nce5 18. Nxd6+ Rxd6 19.
Nxe5+ Ke6 20. Nxg6 hxg6 21. Bxd6 Kxd6 22. Rad1+ Ke5 23. Rd8 b5 24. Rc1 Rb6
25. Rdxc8 Ra6 26. R8c5+ Kxe4 27. Rxb5 Rxa2 28. g3 Kf3 29. Rb3+ Kg4 30. Kg2
a6 31. Rb4+ Kf5 32. Rc5+ Ke6 33. Rb6+ Kd7 34. Rxg6 a5 35. Rb5 Ra4 36. Rbb6
Kc7 37. Ra6 Kb7 38. Rae6 Rc4 39. Rxg7+ Kb8 40. Re8+ Rc8 41. Rxc8+ Kxc8 42.
h4 a4 43. h5 a3 44. bxa3 Kd8 45. h6 Ke8 46. h7 Kf8 47. Ra7 Ke8 48. h8=Q#
{Black checkmated}
1-0

[Event "ICC tourney 1992 (90 10)"]
[Site "Internet Chess Club"]
[Date "2020.09.06"]
[Round "4"]
[White "oxdidi"]
[Black "Florina12345"]
[Result "0-1"]
[ICCResult "White resigns"]
[WhiteElo "1324"]
[BlackElo "1515"]
[Opening "Giuoco Piano"]
[ECO "C54"]
[NIC "IG.02"]
[Time "15:33:00"]
[TimeControl "5400+10"]

1. e4 e5 2. Nf3 Nc6 3. Bc4 Bc5 4. c3 Nf6 5. d3 d6 6. h3 a6 7. Bb3 Ba7 8.
Nbd2 Be6 9. Bxe6 fxe6 10. O-O h6 11. Re1 Qe7 12. Qe2 g5 13. Nh2 O-O-O 14. b4
h5 15. a4 Nb8 16. a5 Rdg8 17. Rb1 c6 18. c4 g4 19. h4 g3 20. c5 gxh2+ 21.
Kxh2 Ng4+ 22. Kg1 Qxh4 23. Nf3 Qf6 24. Be3 h4 25. Kf1 Nxe3+ 26. Qxe3 h3 27.
gxh3 Rxh3 28. Nd2 Rxe3 29. Rxe3 dxc5 30. Rf3 Qh6 31. Ke2 cxb4 32. Rxb4 Nd7
33. Nc4 Kc7 34. Rf7 Qh5+ 35. Rf3 Rf8 36. Nd2 Rxf3 37. Nxf3 Qg6 38. Ke1 Qf7
39. Ke2 Qe7 40. Rb1 Qc5 41. Rf1 Qc2+ 42. Nd2 Nc5 43. f3 Qxd3+ 44. Kd1 Nb3
45. Rf2 Bxf2 {White resigns} 0-1

[Event "ICC tourney 1992 (90 10)"]
[Site "Internet Chess Club"]
[Date "2020.09.06"]
[Round "4"]
[White "ama2024"]
[Black "Jesserocks135"]
[Result "0-1"]
[ICCResult "White checkmated"]
[WhiteElo "1528"]
[BlackElo "1319"]
[Opening "Queen's pawn, Mason variation"]
[ECO "D00"]
[NIC "QP.08"]
[Time "15:33:00"]
[TimeControl "5400+10"]

1. d4 d5 2. Bf4 Nf6 3. e3 c5 4. c3 Nc6 5. Nf3 Bf5 6. Bd3 Bg6 7. Bc2 e6 8.
Nbd2 Be7 9. O-O Rc8 10. Ne5 cxd4 11. Nxc6 Rxc6 12. Ba4 dxc3 13. Bxc6+ bxc6
14. bxc3 O-O 15. Nf3 Bh5 16. h3 Nd7 17. g4 Bg6 18. Rc1 Ba3 19. Qa4 Bxc1 20.
Rxc1 Qb6 21. Ne5 Nxe5 22. Bxe5 Qb2 23. Re1 f6 24. Bd4 e5 25. Bc5 Qxc3 26.
Bb4 Qc4 27. Qa3 Rb8 28. Bc5 a6 29. Qa5 Qb5 30. Qc7 Qb7 31. Qa5 h6 32. Rc1
Qc8 33. Bb4 Rb5 34. Qa3 Qb7 35. Bd6 Rb1 36. Rxb1 Qxb1+ 37. Kg2 Be4+ 38. f3
Qc2+ 39. Kg3 Bg6 40. Qxa6 Qb1 41. a4 Qg1+ 42. Kh4 Qf2# {White checkmated}
0-1

[Event "ICC tourney 1992 (90 10)"]
[Site "Internet Chess Club"]
[Date "2020.09.06"]
[Round "4"]
[White "lucachesschess"]
[Black "chess278"]
[Result "1/2-1/2"]
[ICCResult "Game drawn by mutual agreement"]
[WhiteElo "1354"]
[BlackElo "1515"]
[Opening "Catalan: closed, 5.Nf3"]
[ECO "E06"]
[NIC "CA.04"]
[Time "15:32:53"]
[TimeControl "5400+10"]

1. d4 Nf6 2. c4 e6 3. g3 d5 4. Nf3 Be7 5. Bg2 O-O 6. O-O c5 7. cxd5 exd5 8.
dxc5 Bxc5 9. Bg5 Be6 10. Nc3 d4 11. Ne4 Be7 12. Nxf6+ Bxf6 13. Bxf6 Qxf6 14.
Qxd4 Qe7 15. Rfd1 Nc6 16. Qe3 h6 17. Nd4 Nxd4 18. Rxd4 Rac8 19. Bd5 Rfe8 20.
Bxe6 fxe6 21. Rc1 b6 22. Rdc4 Rcd8 23. Rc7 Rd7 24. Qe5 Red8 25. Rxd7 Rxd7
26. Rc8+ Kh7 27. Qe4+ g6 28. Qe5 Rd1+ 29. Kg2 Qb7+ 30. f3 Qxc8 31. Qf6 Rd8
32. Qf7+ Kh8 33. Qf6+ Kh7 34. Qf7+ Kh8 35. Qf6+ {Game drawn by mutual
agreement} 1/2-1/2